 Dungeon Crawl Stone Soup version 0.28-a0-1429-gf3d713df7a (webtiles) character file.

Game seed: 14118969038221247014

782 Gargoyl the Skirmisher (level 7, -2/90 HPs)
             Began as a Gnoll Abyssal Knight on Jan 8, 2022.
             Was a Priest of Lugonu.
             Slain by Grinder (4 damage)
             ... on level 6 of the Dungeon.
             The game lasted 00:06:20 (6059 turns).

Gargoyl the Skirmisher (Gnoll Abyssal Knight)       Turns: 6059, Time: 00:06:20

Health: -2/90      AC: 23    Str: 14    XL:     7   Next: 86%
Magic:  3/11       EV:  2    Int: 10    God:    Lugonu [***...]
Gold:   415        SH:  0    Dex: 12    Spells: 11/11 levels left

rFire   + . .      SeeInvis .   a - +1 hand axe
rCold   + + .      Faith    .   (no shield)
rNeg    . . .      Spirit   .   (armour currently unavailable)
rPois   +          Reflect  .   (helmet currently unavailable)
rElec   +          Harm     .   (cloak currently unavailable)
rCorr   +          Rampage  .   (gloves currently unavailable)
Will    .....      NoTele   +   (boots currently unavailable)
Stlth   ++........              (no amulet)
HPRegen 0.25/turn               c - ring of protection from cold
MPRegen 0.12/turn               (no ring)

@: brilliant, tree-form, resistant, hasted, very quick
A: stationary, stasis, torment immunity, boosted hp, (fangs 1), strong nose,
distributed training
a: Renounce Religion, Depart the Abyss, Bend Space, Banish


You were on level 6 of the Dungeon.
You worshipped Lugonu.
Lugonu was most pleased with you.
You were a tree.
You visited 1 branch of the dungeon, and saw 6 of its levels.
You visited the Abyss 1 time.

You collected 415 gold pieces.

Inventory:

Hand Weapons
 a - a +1 hand axe (weapon)
Missiles
 h - 4 poisoned darts (quivered)
Armour
 i - a +1 helmet (melded)
 j - the +3 ring mail of Satisfaction (melded) {rF++ MP-9 Str+2}
   (You found it on level 6 of the Dungeon)

   Str:       It affects your strength (+2).
   rF:        It greatly protects you from fire.
   MP:        It affects your magic capacity (-9).
Jewellery
 c - a ring of protection from cold (left branch)
Potions
 d - a potion of haste
 e - a potion of attraction
 f - 3 potions of flight


   Skills:
 + Level 7.1 Fighting
 + Level 2.7 Short Blades
 + Level 2.7 Long Blades
 + Level 5.4 Axes
 + Level 2.7 Maces & Flails
 + Level 2.7 Polearms
 + Level 2.7 Staves
 + Level 2.7 Slings
 + Level 2.7 Bows
 + Level 2.7 Crossbows
 + Level 2.7 Throwing
 + Level 5.4 Armour
 + Level 3.8 Dodging
 + Level 2.7 Stealth
 + Level 2.7 Shields
 + Level 2.7 Unarmed Combat
 + Level 2.7 Spellcasting
 + Level 2.2 Conjurations
 + Level 2.2 Hexes
 + Level 2.2 Summonings
 + Level 2.2 Necromancy
 + Level 2.2 Translocations
 + Level 2.2 Transmutations
 + Level 2.2 Fire Magic
 + Level 2.2 Ice Magic
 + Level 2.2 Air Magic
 + Level 2.2 Earth Magic
 + Level 2.2 Poison Magic
 + Level 5.5 Invocations
 + Level 2.7 Evocations


You had 11 spell levels left.
You didn't know any spells.
Your spell library contained the following spells:

 Spells                   Type           Power      Damage    Failure   Level
 Slow                     Hex            32%        N/A       12%         1
 Summon Small Mammal      Summ           32%        N/A       12%         1
 Call Canine Familiar     Summ           8%         N/A       34%         3
 Confusing Touch          Hex            8%         N/A       34%         3
 Summon Guardian Golem    Hex/Summ       8%         N/A       34%         3
 Vampiric Draining        Necr           8%         2d6       34%         3
 Orb of Destruction       Conj           4%         9d2       100%        7
 Spellforged Servitor     Conj/Summ      4%         N/A       100%        7


Dungeon Overview and Level Annotations

Branches:
Dungeon (6/15)             Temple (0/1) D:5

Altars:
Gozag
Hepliaklqana
Kikubaaqudgha
The Shining One

Annotations:
D:6 Grinder


Innate Abilities, Weirdness & Mutations

You are a tree.
Your roots penetrate the ground, keeping you stationary.
You cannot be teleported.
You are immune to unholy pain and torment.
Your maximum health is greatly increased.
Your equipment is partially melded.
((You have very sharp teeth.))
Your uncanny sense of smell can sniff out nearby items.
Your experience applies equally to all skills.


Message History

* * * LOW HITPOINT WARNING * * *
You closely miss Grinder.
Grinder is severely wounded.
You hit Grinder.
Grinder is severely wounded.
Grinder completely misses you.
You hit Grinder.
Grinder is almost dead.
Grinder blinks!
Unknown command.
Throw: 8 darts (poison)
Press: ? - help, Q - select action, (/) - cycle Shift-Dir - straight line, f/p - Grinder
Aim: Grinder (almost dead, poisoned, 58% to hit)
You throw a poisoned dart.
The poisoned dart barely misses Grinder.
Unknown command.
Throw: 7 darts (poison)
Press: ? - help, Q - select action, (/) - cycle Shift-Dir - straight line, f/p - Grinder
Aim: Grinder (almost dead, poisoned, 58% to hit)
You throw a poisoned dart.
The poisoned dart closely misses Grinder.
Grinder says, "Just stop there for a second..."
Throw: 6 darts (poison)
Press: ? - help, Q - select action, (/) - cycle Shift-Dir - straight line, f/p - Grinder
Aim: Grinder (almost dead, poisoned, 58% to hit)
You throw a poisoned dart.
The poisoned dart barely misses Grinder.
Unknown command.
Throw: 5 darts (poison)
Press: ? - help, Q - select action, (/) - cycle Shift-Dir - straight line, f/p - Grinder
Aim: Grinder (almost dead, poisoned, 58% to hit)
You throw a poisoned dart. The poisoned dart hits Grinder.
Grinder is almost dead.
Unknown command.
You closely miss Grinder.
Grinder is almost dead.
Grinder hits you.
* * * LOW HITPOINT WARNING * * *
You writhe in agony.
You die...

..........##
...........## ##
.......[....## ...#
##...........## #...##
#............# #....#
#............# #....#
###.........## ##....##
#...#......####......#
#..#######...##♣(((..(#
..# ##.....5..(.## ..
##....#<..## ##.#.##(##
#....### ∆ #.#..#
#.#..## ##(...##
##...(.(##


You could see Grinder (poisoned).

Vanquished Creatures
  A necrophage (D:6)
  An ogre (D:4)
  2 centaurs
  A phantom (D:4)
  A scorpion (D:3)
  2 hounds
  An iguana (D:4)
  A hound skeleton (D:5)
  3 gnolls (D:4)
  8 adders
  A shadow imp (D:5)
  An ufetubus (D:4)
  An adder zombie (D:5)
  2 worms
  4 dart slugs
  4 orcs
  9 bats
  2 bat skeletons (D:2)
  8 endoplasms
  3 giant cockroaches
  13 goblins
  6 hobgoblins
  7 kobolds
  4 quokkas
  9 ball pythons
  A ball python skeleton (D:2)
  A ball python zombie (D:2)
  2 frilled lizards (D:1)
  A giant cockroach zombie (D:2)
  A rat (D:1)
101 creatures vanquished.

Vanquished Creatures (others)
  2 withered plants (D:2)
2 creatures vanquished.

Grand Total: 103 creatures vanquished

Notes
Turn   | Place    | Note
-------+----------+-------------------------------------------
     0 | Abyss:1  | Gargoyl the Gnoll Abyssal Knight began the quest for the
                  | Orb.
     0 | Abyss:1  | Reached XP level 1. HP: 23/23 MP: 3/3
    50 | Abyss:1  | Found a corrupted altar of Lugonu.
    79 | Abyss:1  | Found a corrupted altar of Lugonu.
    80 | D:1      | Escaped the Abyss
   255 | D:1      | Reached * piety under Lugonu
   256 | D:1      | Reached XP level 2. HP: 23/29 MP: 5/5
   821 | D:1      | Found a faded altar of an unknown god.
   969 | D:2      | Reached XP level 3. HP: 35/35 MP: 6/6
  1243 | D:2      | Reached skill level 1 in Short Blades
  1243 | D:2      | Reached skill level 1 in Long Blades
  1243 | D:2      | Reached skill level 1 in Maces & Flails
  1243 | D:2      | Reached skill level 1 in Polearms
  1243 | D:2      | Reached skill level 1 in Staves
  1243 | D:2      | Reached skill level 1 in Slings
  1243 | D:2      | Reached skill level 1 in Bows
  1243 | D:2      | Reached skill level 1 in Crossbows
  1243 | D:2      | Reached skill level 1 in Throwing
  1243 | D:2      | Reached skill level 1 in Stealth
  1243 | D:2      | Reached skill level 1 in Shields
  1243 | D:2      | Reached skill level 1 in Unarmed Combat
  1243 | D:2      | Reached skill level 1 in Spellcasting
  1243 | D:2      | Reached skill level 1 in Evocations
  1764 | D:2      | Reached XP level 4. HP: 41/41 MP: 7/7
  1993 | D:2      | Reached ** piety under Lugonu
  2549 | D:2      | Reached skill level 1 in Conjurations
  2549 | D:2      | Reached skill level 1 in Hexes
  2549 | D:2      | Reached skill level 1 in Summonings
  2549 | D:2      | Reached skill level 1 in Necromancy
  2549 | D:2      | Reached skill level 1 in Translocations
  2549 | D:2      | Reached skill level 1 in Transmutations
  2549 | D:2      | Reached skill level 1 in Fire Magic
  2549 | D:2      | Reached skill level 1 in Ice Magic
  2549 | D:2      | Reached skill level 1 in Air Magic
  2549 | D:2      | Reached skill level 1 in Earth Magic
  2549 | D:2      | Reached skill level 1 in Poison Magic
  2836 | D:3      | Noticed a scorpion
  2843 | D:3      | Killed a scorpion
  2844 | D:3      | Reached XP level 5. HP: 47/47 MP: 8/8
  3119 | D:3      | Noticed a centaur
  3137 | D:3      | Killed a centaur
  3138 | D:3      | Reached skill level 5 in Invocations
  3138 | D:3      | Reached XP level 6. HP: 21/53 MP: 9/9
  4026 | D:4      | Reached skill level 5 in Axes
  4026 | D:4      | Reached skill level 5 in Armour
  4103 | D:4      | Found an opulent altar of Gozag.
  4116 | D:4      | Found an ancient bone altar of Kikubaaqudgha.
  4169 | D:4      | Found a glowing golden altar of the Shining One.
  4212 | D:4      | Found a hazy altar of Hepliaklqana.
  4499 | D:4      | Reached XP level 7. HP: 40/59 MP: 10/10
  4687 | D:4      | Reached *** piety under Lugonu
  4688 | D:4      | Reached skill level 7 in Fighting
  4903 | D:5      | Entered Level 5 of the Dungeon
  5277 | D:5      | Found a staircase to the Ecumenical Temple.
  5943 | D:6      | Identified the +3 ring mail of Satisfaction {rF++ MP-9
                  | Str+2}
  5966 | D:6      | Noticed Grinder
  5971 | D:6      | Paralysed by Grinder for 3 turns
  6004 | D:6      | Paralysed by Grinder for 2 turns
  6059 | D:6      | HP: 2/90 [Grinder (6)]
  6059 | D:6      | Slain by Grinder

Illustrated notes

Levels and vault maps discovered:
D:1:      minmay_arrival_five_plusses, layout_basic,
          dreamdust_ecumenical_altar_hidden_monk_grotto
D:2:      layout_loops_corners, serial_undead, serial_undead_c, serial_undead_c,
          serial_undead_e, serial_undead_f, serial_undead_b,
          minmay_divided_ellipse
D:3:      layout_loops_ring
D:4:      layout_basic, nicolae_overflow_quartered_altars
D:5:      layout_gridville, minmay_temple_entry_glassed_door, dk_noncrumbling_2
D:6:      layout_cave_pods, uniq_grinder, uniq_duvessa

Skill      XL: |  1  2  3  4  5  6  7 |
---------------+----------------------+-----
Short Blades   | 1 2 |  2.7
Long Blades    | 1 2 |  2.7
Maces & Flails | 1 2 |  2.7
Polearms       | 1 2 |  2.7
Staves         | 1 2 |  2.7
Slings         | 1 2 |  2.7
Bows           | 1 2 |  2.7
Crossbows      | 1 2 |  2.7
Throwing       | 1 2 |  2.7
Stealth        | 1 2 |  2.7
Shields        | 1 2 |  2.7
Unarmed Combat | 1 2 |  2.7
Spellcasting   | 1 2 |  2.7
Evocations     | 1 2 |  2.7
Conjurations   | 1 2 |  2.2
Hexes          | 1 2 |  2.2
Summonings     | 1 2 |  2.2
Necromancy     | 1 2 |  2.2
Translocations | 1 2 |  2.2
Transmutations | 1 2 |  2.2
Fire Magic     | 1 2 |  2.2
Ice Magic      | 1 2 |  2.2
Air Magic      | 1 2 |  2.2
Earth Magic    | 1 2 |  2.2
Poison Magic   | 1 2 |  2.2
Dodging        | 3 |  3.8
Invocations    | 5 |  5.5
Axes           | 5 |  5.4
Armour         | 5 |  5.4
Fighting       | 7 |  7.1

Action                   |  1- 3 |  4- 6 |  7- 9 || total
-------------------------+-------+-------+-------++-------
Melee: Hand axe          |   103 |   202 |   116 ||   421
       Bite              |    10 |    20 |    14 ||    44
       Punch             |     2 |     7 |     3 ||    12
Throw: Dart              |       |     9 |    27 ||    36
Invok: Depart the Abyss  |     1 |       |       ||     1
  Use: Potion            |       |     2 |     4 ||     6
       Scroll            |       |     3 |     5 ||     8
Armor: Leather armour    |    35 |    22 |       ||    57
       Ring mail         |       |    55 |    50 ||   105
       Skin              |       |       |     2 ||     2
Dodge: Dodged            |   108 |   123 |    65 ||   296

Table legend: (Time is in decaauts)
 A = Elapsed time spent in this place.
 B = Non-inter-level travel time spent in this place.
 C = Inter-level travel time spent in this place.
 D = Time resting spent in this place.
 E = Time spent auto-exploring this place.
 F = Levels seen in this place.
 G = Mean time per level.
                   A        B        C        D        E       F      G
               +--------+--------+--------+--------+--------+-----+--------+
         Total |   6051 |   5892 |    159 |    430 |   4350 |   7 |  864.4 |
       Dungeon |   5971 |   5812 |    159 |    430 |   4271 |   6 |  995.2 |
         Abyss |     80 |     80 |      0 |      0 |     79 |   1 |   80.0 |
               +--------+--------+--------+--------+--------+-----+--------+

Top non-repeatable levels by time:
     D:2: 1737 daAuts
     D:4: 1306 daAuts
     D:3: 915 daAuts
     D:5: 905 daAuts
     D:1: 863 daAuts
     D:6: 243 daAuts
 Abyss:1: 80 daAuts
